 Dungeon Crawl Stone Soup version 0.31-a0-142-g31f6795574 (webtiles) character file.

Game seed: 127237172885467897

11883 Esekla the Covert (level 11, -4/74 HPs)
             Began as an Octopode Delver on June 4, 2023.
             Was an Initiate of Gozag.
             Shot with an arrow by a centaur (6 damage)
             ... on level 11 of the Dungeon.
             The game lasted 01:57:57 (16883 turns).

Esekla the Covert (Octopode Delver)                Turns: 16883, Time: 01:57:57

Health: -4/74      AC:  1    Str: 12    XL:     11   Next: 84%
Magic:  19/21      EV: 14    Int: 17    God:    Gozag
Gold:   1070       SH: 12    Dex: 13    Spells: 16/24 levels left

rFire   + + .        s - +1 dagger (venom)
rCold   + + .        j - +2 shield of Resistance {rF++ rC++ Will++}
rNeg    . . .        (helmet restricted)
rPois   .            (no amulet)
rElec   .            (no ring)
rCorr   .            (no ring)
SInv    .            (no ring)
Will    ++...        (no ring)
Stlth   ++++++       (no ring)
HPRegen 0.32/turn    (no ring)
MPRegen 0.17/turn    (no ring)
                     (no ring)

%: no passive effects
@: wereblooded
A: almost no armour, amphibious, 8 rings, camouflage 1, gelatinous body 1,
(nimble swimmer 1), tentacles
a: Renounce Religion, Potion Petition, Call Merchant, Bribe Branch


You were on level 11 of the Dungeon.
You worshipped Gozag.
Gozag was most pleased with you.
You visited 2 branches of the dungeon, and saw 12 of its levels.
You also visited: Bailey.

You collected 2497 gold pieces.
You spent 1410 gold pieces at shops.
You paid 17 gold pieces to Gozag.

Inventory:

Hand Weapons
 a - a +0 long sword
 r - a +1 trident of protection
 s - a +1 dagger of venom (weapon)
Missiles
 n - 29 poisoned darts (quivered)
Armour
 j - the +2 shield of Resistance (worn) {rF++ rC++ Will++}
   (You bought it in a shop on level 5 of the Dungeon)

   rF:        It greatly protects you from fire.
   rC:        It greatly protects you from cold.
   Will:      It greatly increases your willpower.
Wands
 e - a wand of mindburst (19)
 f - a wand of digging (3)
 m - a wand of iceblast (19)
Scrolls
 b - a scroll of fog
 g - 3 scrolls of enchant weapon {unknown}
 i - a scroll of amnesia {unknown}
 k - 2 scrolls of teleportation
 p - 2 scrolls of magic mapping
 q - 3 scrolls of poison
 v - a scroll of enchant armour {unknown}
 w - 2 scrolls of brand weapon {unknown}
 x - a scroll of immolation {unknown}
 G - a scroll of vulnerability {unknown}
Potions
 c - a potion of berserk rage
 d - 7 potions of haste
 h - a potion of brilliance
 o - a potion of ambrosia
 t - 4 potions of mutation
 u - 2 potions of attraction
 z - 2 potions of invisibility {unknown}
 A - 3 potions of magic
 B - 2 potions of resistance
 C - a potion of enlightenment {unknown}
 E - 2 potions of degeneration {unknown}
 F - a potion of experience {unknown}
 H - a potion of lignification {unknown}
 I - a potion of might {unknown}
 J - a potion of curing


   Skills:
 * Level 6.7 Fighting
 + Level 4.0(5.7) Short Blades
 * Level 6.4(6.9) Long Blades
 + Level 2.9 Throwing
 * Level 6.7 Dodging
 - Level 11.3 Stealth
 * Level 6.3 Shields
 * Level 7.0 Spellcasting
 + Level 4.5 Conjurations
 + Level 3.8 Translocations
 + Level 3.6 Transmutations
 * Level 1.7 Ice Magic
 + Level 0.2 Evocations


You had 16 spell levels left.
You knew the following spells:

 Your Spells              Type           Power      Damage    Failure   Level
e - Searing Ray           Conj           42%        2d6       9%          2
p - Apportation           Tloc           38%        N/A       8%          1
r - Frozen Ramparts       Ice            22%        1d4       50%         3
w - Wereblood             Tmut           18%        N/A       12%         2

Your spell library contained the following spells:

 Spells                   Type           Power      Damage    Failure   Level
 Magic Dart               Conj           84%        1d7       5%          1
 Necrotise                Necr           20%        1d5       36%         1
 Summon Small Mammal      Summ           20%        N/A       36%         1
 Vhi's Electric Charge    Tloc/Air       24%        N/A       45%         3
 Sublimation of Blood     Necr           5%         N/A       50%         2
 Call Canine Familiar     Summ           5%         N/A       73%         3
 Summon Guardian Golem    Hex/Summ       5%         N/A       73%         3
 Ice Form                 Ice/Tmut       15%        N/A       77%         4
 Fulminant Prism          Conj/Hex       6%         3d7       82%         4
 Summon Ice Beast         Ice/Summ       8%         N/A       95%         4
 Arcjolt                  Conj/Air       6%         1d16      99%         5
 Summon Hydra             Summ           2%         N/A       100%        7
 Maxwell's Capacitive Co  Air            2%         ∞         100%        8


Dungeon Overview and Level Annotations

Branches:
Dungeon (11/15)            Temple (1/1) D:5            Lair (0/5) D:11
 Bailey (visited)
    Orc: D:9-12

Altars:
Ashenzari
Cheibriados
Dithmenos
Elyvilon
Fedhas
Gozag
Hepliaklqana
Kikubaaqudgha
Makhleb
Okawaru
Qazlal
Ru
Sif Muna
Trog
Uskayaw
Vehumet
Wu Jian
Xom
Yredelemnul
Zin
The Shining One

Shops:
D:5 [   D:6 *


Innate Abilities, Weirdness & Mutations

You cannot wear most types of armour.
You are amphibious.
You can wear up to eight rings at the same time.
Your skin changes colour to match your surroundings (Stealth+).
Your rubbery body absorbs attacks. (AC +1, EV +1)
((You are camouflaged when in or above water. (Stealth+)))
You have tentacles for arms and can constrict up to eight enemies at once.


Message History

The centaur completely misses you. The centaur barely misses you.
The centaur shoots an arrow.
The arrow hits you!
The centaur wields a +0 orcbow.
The centaur shoots an arrow.
You block the arrow.
The centaur shoots an arrow.
The arrow hits you!
The centaur shoots an arrow.
You block the arrow.
The centaur shoots an arrow.
The arrow hits you!
The centaur shoots an arrow.
The arrow hits you!
* * * LOW HITPOINT WARNING * * *
The centaur shoots an arrow.
The arrow barely misses you.
Okay, then.
Okay, then.
The centaur shoots an arrow.
The arrow hits you!
* * * LOW HITPOINT WARNING * * *
You feel better.
The centaur unwields a +0 orcbow.
The centaur hits you.
* * * LOW HITPOINT WARNING * * *
You block the centaur's attack.
The centaur shoots an arrow.
The arrow closely misses you. The centaur misses you.
You block the centaur's attack.
Casting: Searing Ray (safe; 9% risk of failure)
Confirm with . or Enter, or press ? or * to list all spells.
Your blood is infused with primal strength.
The centaur shoots an arrow.
You block the arrow. The centaur barely misses you. The centaur misses you.
The centaur shoots an arrow.
The arrow hits you!
* * * LOW HITPOINT WARNING * * *
You feel better.
The centaur shoots an arrow.
The arrow closely misses you. The centaur closely misses you.
The centaur kicks you.
* * * LOW HITPOINT WARNING * * *
The centaur shoots an arrow.
You block the arrow.
The centaur shoots an arrow.
The arrow closely misses you. The centaur barely misses you.
You block the centaur's attack. The centaur attacks as you move away!
You block the centaur's attack. The centaur kicks you.
* * * LOW HITPOINT WARNING * * *
The centaur shoots an arrow.
The arrow hits you!
* * * LOW HITPOINT WARNING * * *
The centaur wields a +0 orcbow.
The centaur shoots an arrow.
You block the arrow.
The centaur shoots an arrow.
The arrow hits you.
You die...
Your body crumbles into a pile of gold.

#.................
#.......##########
#.......#.........
#.......##.#......
#..............###
#..............###
#................#
#..c........#....#
#@#...............
#.#}..#.#...#.....
#c.....###.###....
##c....#....#.#...
########.....#..........
#.[.............>.......
#............#..........
#######.....###...###.#.
#......#.#.###....


You could see 3 centaurs.

Vanquished Creatures
  A boulder beetle (D:11)
  2 two-headed ogres (D:9)
  A deep elf pyromancer (D:10)
  2 gargoyles
  A rime drake (D:11)
  A kobold demonologist (D:10)
  2 trolls (D:11)
  A hornet (D:9)
  2 shadows (D:10)
  16 yaks
  A wyvern (D:9)
  A wraith (D:10)
  3 water moccasins (D:6)
  3 acid dragons
  7 orc warriors
  4 ice beasts
  A black bear (D:4)
  3 wolves (D:11)
  2 centaurs
  A phantom (D:5)
  3 kobold brigands
  4 bullfrogs
  A gnoll sergeant (D:6)
  2 scorpions (D:5)
  11 wights
  8 killer bees
  A howler monkey (D:9)
  A jelly (D:6)
  4 hounds
  5 orc priests
  A gnoll bouda (D:6)
  A sleepcap (D:5)
  Jessica (D:3)
  3 iguanas
  Crazy Yiuf (D:3)
  Natasha (thrice) (D:3)
  11 orc wizards
  17 gnolls
  6 adders
  2 shadow imps
  A white imp (D:7)
  3 worms
  3 dart slugs
  47 orcs
  12 endoplasms
  4 giant cockroaches
  7 goblins
  5 hobgoblins
  4 jackals (D:5)
  4 quokkas
  4 ball pythons
  4 bats
  2 frilled lizards (D:3)
  22 kobolds
  3 rats
266 creatures vanquished.

Notes
Turn   | Place    | Note
-------+----------+-------------------------------------------
     0 | D:5      | Esekla the Octopode Delver began the quest for the Orb.
     0 | D:5      | Reached XP level 1. HP: 16/16 MP: 1/1
    55 | D:5      | Found a staircase to the Ecumenical Temple.
    55 | D:5      | Noticed a scorpion
    60 | Temple   | Entered the Ecumenical Temple
   122 | Temple   | Became a worshipper of Gozag Ym Sagoz the Greedy
   155 | D:5      | Killed a scorpion
   156 | D:5      | Reached skill level 7 in Stealth
   156 | D:5      | Reached skill level 1 in Spellcasting
   156 | D:5      | Reached XP level 2. HP: 21/21 MP: 1/3
   156 | D:5      | Reached XP level 3. HP: 26/26 MP: 1/4
   178 | D:5      | Found Lathail's Antique Armour Emporium.
   210 | D:5      | Reached XP level 4. HP: 31/31 MP: 5/5
   292 | D:4      | Learned a level 2 spell: Searing Ray
   303 | D:3      | Noticed Jessica
   429 | D:3      | Killed Jessica
   481 | D:3      | Found a stormy altar of Qazlal.
   526 | D:3      | Noticed Natasha
   631 | D:4      | Noticed a black bear
   633 | D:4      | Killed a black bear
   634 | D:4      | Reached skill level 8 in Stealth
   634 | D:4      | Reached skill level 1 in Shields
   634 | D:4      | Reached XP level 5. HP: 36/36 MP: 5/7
   758 | D:4      | Reached skill level 1 in Conjurations
   758 | D:4      | Reached XP level 6. HP: 36/42 MP: 8/8
   965 | D:2      | Found a radiant altar of Vehumet.
  2490 | D:3      | Killed Natasha
  2805 | D:3      | Noticed Natasha
  2817 | D:3      | Killed Natasha
  2818 | D:3      | Reached skill level 1 in Short Blades
  3189 | D:3      | Noticed Natasha
  3195 | D:3      | Killed Natasha
  3269 | D:4      | Learned a level 1 spell: Apportation
  3566 | D:5      | Learned a level 2 spell: Wereblood
  3689 | D:5      | Reached XP level 7. HP: 47/47 MP: 9/9
  3745 | D:5      | Found a glowing golden altar of the Shining One.
  4086 | D:5      | Reached skill level 9 in Stealth
  4157 | D:6      | Reached skill level 1 in Translocations
  4456 | D:6      | Found Vucsiq's Elemental Accessories.
  4500 | D:6      | Reached XP level 8. HP: 54/54 MP: 11/11
  4623 | D:6      | Found a bloodstained altar of Trog.
  4989 | D:6      | Reached skill level 10 in Stealth
  6132 | D:7      | Found a burning altar of Makhleb.
  6354 | D:7      | Reached skill level 1 in Transmutations
  6354 | D:7      | Reached XP level 9. HP: 60/60 MP: 13/13
  7209 | D:6      | Reached skill level 5 in Fighting
  8471 | D:3      | Found a runed translucent door.
  8472 | D:3      | Noticed Crazy Yiuf
  8479 | D:3      | Killed Crazy Yiuf
  8648 | D:8      | Found a flagged portal.
  8761 | D:8      | Found a hide-covered altar of Uskayaw.
  8921 | Bailey   | Entered a bailey
  8944 | Bailey   | Reached skill level 1 in Throwing
  9770 | D:5      | Bought the +2 shield of Resistance {rF++ rC++ Will++} for
                  | 1410 gold pieces
  9770 | D:5      | Found the +2 shield of Resistance {rF++ rC++ Will++}
 10003 | D:9      | Noticed a hornet
 10245 | D:9      | Found a white marble altar of Elyvilon.
 10256 | D:9      | Found a shimmering altar of Xom.
 10524 | D:8      | Found a sacrificial altar of Ru.
 10632 | D:9      | Noticed a two-headed ogre
 10636 | D:9      | Killed a two-headed ogre
 10637 | D:9      | Reached skill level 5 in Long Blades
 10637 | D:9      | Reached skill level 11 in Stealth
 10637 | D:9      | Reached XP level 10. HP: 68/68 MP: 14/16
 10838 | D:9      | Reached skill level 5 in Dodging
 11149 | D:10     | Entered Level 10 of the Dungeon
 11149 | D:10     | Noticed a two-headed ogre
 11176 | D:10     | Found an ornate altar of the Wu Jian Council.
 11310 | D:10     | Found a shadowy altar of Dithmenos.
 11365 | D:10     | Noticed a gargoyle
 11885 | D:10     | Noticed a deep elf pyromancer
 12409 | D:9      | Killed a two-headed ogre
 12410 | D:9      | Reached skill level 5 in Spellcasting
 12449 | D:10     | Reached skill level 5 in Shields
 13005 | D:10     | Reached XP level 11. HP: 71/72 MP: 19/19
 13151 | D:10     | Killed a deep elf pyromancer
 14097 | D:10     | Learned a level 3 spell: Frozen Ramparts
 14284 | D:11     | Noticed a sun demon
 14659 | D:11     | Noticed a boulder beetle
 14668 | D:11     | Killed a boulder beetle
 14987 | D:11     | Identified the +0 ring mail of the Lich-sworn {rF+ Will+
                  | Str+5 Dex-5}
 15086 | D:11     | Found a staircase to the Lair.
 15127 | D:11     | Reached skill level 1 in Ice Magic
 16883 | D:11     | HP: 2/74 [centaur/arrow (8)]
 16883 | D:11     | Shot with an arrow by a centaur

Illustrated notes

Levels and vault maps discovered:
D:1:      roderic_chinese_lattice_arrival, layout_loops_ring
D:2:      minmay_skewed_foursquare, layout_basic, basic_altar,
          kennysheep_cluttered_room, minmay_misc_feat_columns,
          minmay_goblin_outpost
D:3:      layout_rooms, nicolae_qazlal_scattered_showers, minmay_misc_feat_rows,
          uniq_jessica, uniq_natasha, uniq_crazy_yiuf_cottage
D:4:      layout_rooms, dreamdust_princess_corridor
D:5:      layout_loops_ring, nicolae_tso_swordbearing_angel,
          minmay_temple_entry_tees, serial_shops, nicolae_shop_dealshenge,
          kennysheep_generic_room_14
D:6:      layout_cave_pods, mainiacjoe_overflow_small_starburst,
          nrook_loot_triangle, minmay_splitting_lines, hex_medium,
          grunt_decor_cap, nicolae_elemental_shop
D:7:      layout_cave_pools, lemuel_doored_altar
D:8:      layout_rooms, nicolae_uskayaw_dance_hall,
          mainiacjoe_overflow_alcove_4, enter_bailey_6
D:9:      layout_loops_ring, mainiacjoe_overflow_swirl, chequers_avenue
D:10:     layout_rooms, nicolae_wu_jian_wuxing_cycle,
          mainiacjoe_overflow_tiny_flanked, grunt_potential
D:11:     layout_irregular_city, hellmonk_lair_entry_icy, david_orc_1_choice
Temple:   nicolae_temple_bog_church

Skill      XL: |  1  2  3  4  5  6  7  8  9 10 11 |
---------------+----------------------------------+-----
Stealth        | 7 8 9 10 11 | 11.3
Spellcasting   | 1 2 3 4 5 7 |  7.0
Shields        | 1 2 4 5 6 |  6.3
Conjurations   | 1 2 3 4 |  4.5
Short Blades   | 1 2 3 4 |  4.0
Dodging        | 3 4 5 6 |  6.7
Long Blades    | 3 4 5 6 |  6.4
Fighting       | 4 5 6 |  6.7
Translocations | 1 2 3 |  3.8
Transmutations | 1 2 3 |  3.6
Throwing       | 1 2 |  2.9
Ice Magic      | 1 |  1.7
Evocations     | |  0.2

Action                     |  1- 3 |  4- 6 |  7- 9 | 10-12 || total
---------------------------+-------+-------+-------+-------++-------
  Melee: Falchion          |     7 |     8 |     2 |       ||    17
         Tentacles         |     4 |    18 |    67 |    44 ||   133
         Constrict         |     2 |    16 |    51 |    18 ||    87
         Dagger            |       |    85 |   205 |   158 ||   448
         Punch             |       |     1 |     3 |     2 ||     6
         Long sword        |       |       |       |    17 ||    17
  Throw: Dart              |       |     3 |    37 |    44 ||    84
         Throwing net      |       |       |     1 |       ||     1
   Cast: Apportation       |       |    13 |    37 |    60 ||   110
         Searing Ray       |       |     8 |    38 |    49 ||    95
         Wereblood         |       |       |     2 |    11 ||    13
         Frozen Ramparts   |       |       |       |     4 ||     4
  Evoke: Wand              |       |       |     1 |     2 ||     3
    Use: Scroll            |     1 |       |    11 |     3 ||    15
         Potion            |     1 |       |     5 |     7 ||    13
   Stab: Sleeping          |     1 |    41 |    22 |    14 ||    78
         Distracted        |       |     3 |     2 |     1 ||     6
 Armour: Skin              |     2 |     2 |    10 |    13 ||    27
  Dodge: Dodged            |     4 |    28 |   131 |   155 ||   318
  Block: Buckler           |       |       |     2 |    39 ||    41
         Kite shield       |       |       |       |   105 ||   105

Table legend: (Time is in decaauts)
 A = Elapsed time spent in this place.
 B = Non-inter-level travel time spent in this place.
 C = Inter-level travel time spent in this place.
 D = Time resting spent in this place.
 E = Time spent auto-exploring this place.
 F = Levels seen in this place.
 G = Mean time per level.
                   A        B        C        D        E       F      G
               +--------+--------+--------+--------+--------+-----+--------+
         Total |  16813 |  16250 |    563 |   6062 |   2106 |  13 | 1293.3 |
       Dungeon |  15985 |  15448 |    537 |   5774 |   1977 |  11 | 1453.2 |
        Temple |     88 |     62 |     26 |      0 |     51 |   1 |   88.0 |
        Bailey |    739 |    739 |      0 |    287 |     78 |   1 |  739.0 |
               +--------+--------+--------+--------+--------+-----+--------+

Top non-repeatable levels by time:
    D:10: 2667 daAuts
     D:6: 2371 daAuts
     D:9: 2028 daAuts
     D:7: 1991 daAuts
    D:11: 1769 daAuts
     D:3: 1223 daAuts
     D:2: 906 daAuts
     D:8: 882 daAuts
     D:5: 830 daAuts
     D:4: 811 daAuts
  Bailey: 739 daAuts
     D:1: 501 daAuts
  Temple: 88 daAuts
